 Dungeon Crawl Stone Soup version 0.18.1-48-g4cf74bf (webtiles) character file.

228 Inkary the Skirmisher (level 5, -2/48 HPs)
             Began as a Minotaur Fighter on Aug 30, 2016.
             Killed by divine providence
             ... invoked by an orc priest
              (15 damage)
             ... on level 4 of the Dungeon.
             The game lasted 00:02:23 (2031 turns).

Inkary the Skirmisher (Minotaur Fighter)            Turns: 2031, Time: 00:02:23

Health: -2/48      AC:  8    Str: 21    XL:     5   Next: 70%
Magic:  4/4        EV:  7    Int:  5    God:
Gold:   177        SH: 10    Dex: 10    Spells: 0 memorised, 4 levels left

rFire  . . .     SeeInvis .     a - +0 flail
rCold  . . .     Gourm    .     b - +0 scale mail
rNeg   . . .     Faith    .     c - +0 shield
rPois  .         Spirit   .     (helmet restricted)
rElec  .         Dismiss  .     r - +0 cloak
rCorr  .         Reflect  .     (no gloves)
SustAt .         Harm     .     (no boots)
MR     .....                    (no amulet)
Stlth  ..........               (no ring)
                                (no ring)

@: not resistant to hostile enchantments, extremely unstealthy
A: retaliatory headbutt, horns 2
a: no special abilities


You were on level 4 of the Dungeon.
You were not hungry.

You visited 1 branch of the dungeon, and saw 4 of its levels.

You collected 177 gold pieces.

Inventory:

Hand Weapons
 a - a +0 flail (weapon)
Armour
 b - a +0 scale mail (worn)
 c - a +0 shield (worn)
 r - a +0 cloak (worn)
Jewellery
 j - a +3 ring of intelligence {unknown}
 v - a +1 ring of slaying {unknown}
Scrolls
 e - 3 scrolls of fog {unknown}
 h - a scroll of recharging {unknown}
 i - a scroll of noise {unknown}
 m - a scroll of random uselessness {unknown}
 n - 3 scrolls of teleportation {unknown}
 s - 5 scrolls of identify {unknown}
Potions
 d - a potion of might
 g - a potion of agility {unknown}
 o - a potion of heal wounds {unknown}
 p - 2 potions of ambrosia {unknown}
 q - 2 potions of curing
 u - a potion of cancellation {unknown}
Comestibles
 f - 4 bread rations
 k - a slice of pizza
 l - 2 meat rations
 t - 7 chunks of flesh


   Skills:
 + Level 5.0 Fighting
 + Level 4.3 Maces & Flails
 + Level 4.8 Armour
 + Level 5.0 Shields


You had 4 spell levels left.
You didn't know any spells.

Dungeon Overview and Level Annotations

Branches:
Dungeon (4/15)
 Temple: D:4-7

Altars:
Cheibriados
Ru


Innate Abilities, Weirdness & Mutations

You reflexively headbutt those who attack you in melee.
You have a pair of horns on your head.


Message History

You hit the giant gecko. You headbutt the giant gecko.
You kill the giant gecko! 2 orcs and 2 orc priests come into view.
The orc priest shouts! x2; The orc shouts!
An orc priest comes into view. It is wielding a trident.
There are monsters nearby!
There are monsters nearby!
There are monsters nearby!
The orc priest shouts!
The orc priest invokes the aid of Beogh against you.
Beogh smites you!
The orc priest calls down the wrath of Beogh upon you.
Beogh smites you!
* * * LOW HITPOINT WARNING * * *
You are too injured to fight recklessly!
Drink which item? (? for menu, Esc to quit)
It was a potion of curing.
You feel better.
The orc priest invokes the aid of Beogh against you.
Beogh smites you!
You die...

............###..#
.(..........# #..#
........##### #o.#
.8.8.8..# #..#
######..#
###o.#####.
##.#####..........
#.#....#...######
#.#.#.###o##
#.#####....## ##@#
..........#.# #.##
#.......####.#..
######...# #.#.
#..........
#...#### ### #####


You could see 2 orc priests and an orc.

Vanquished Creatures
  2 orc priests (D:4)
  Ijyb (D:4)
  A worker ant (D:4)
  3 adders
  An ooze (D:3)
  4 worms (D:3)
  4 dart slugs
  2 giant geckos
  3 orcs
  2 ball pythons
  4 giant cockroaches
  11 goblins
  4 hobgoblins
  7 jackals
  A kobold (D:2)
  A quokka (D:3)
  7 bats
  A giant newt (D:1)
  4 rats
63 creatures vanquished.

Notes
Turn   | Place    | Note
--------------------------------------------------------------
     0 | D:1      | Inkary the Minotaur Fighter began the quest for the Orb.
     0 | D:1      | Reached XP level 1. HP: 19/19 MP: 0/0
   250 | D:1      | Reached XP level 2. HP: 27/27 MP: 1/1
   553 | D:2      | Reached XP level 3. HP: 29/33 MP: 2/2
   656 | D:2      | Found a snail-covered altar of Cheibriados.
  1253 | D:3      | Reached XP level 4. HP: 36/41 MP: 3/3
  1625 | D:3      | Found a sacrificial altar of Ru.
  1745 | D:4      | Reached XP level 5. HP: 21/47 MP: 4/4
  1939 | D:4      | Noticed Ijyb
  1969 | D:4      | Killed Ijyb
  1969 | D:4      | Reached skill level 5 in Fighting
  1969 | D:4      | Reached skill level 5 in Shields
  2031 | D:4      | Killed from afar by an orc priest

Skill      XL: |  1  2  3  4  5 |
---------------+----------------+-----
Shields        | 4 5 |  5.0
Armour         | 4 |  4.8
Maces & Flails | 3 4 |  4.3
Fighting       | 4 5 |  5.0

Action                   |  1- 3 |  4- 6 || total
-------------------------+-------+-------++-------
Melee: Flail             |    88 |    71 ||   159
       Headbutt          |    12 |    11 ||    23
  Use: Potion            |       |     1 ||     1
  Eat: Chunk             |     1 |     3 ||     4
Armor: Scale mail        |    40 |    16 ||    56
Dodge: Dodged            |    24 |    19 ||    43
Block: Shield            |    53 |    34 ||    87
